Map: Ruby Rock LE

Players

PeCkAtSwE - Winner!

  • Race: Terran Terran
  • League: Gold
  • Spawn Location: 5:00

SCIInewby

  • Race: Zerg Zerg
  • League: Master
  • Spawn Location: 11:00

VOD

Have the link to the VOD?

Description

Time

  • Played on: Feb. 5, 2026, 1:26 p.m.
  • Length: 10:23
Show
View Real Time Build Order
Export as new Build Order

PeCkAtSwE Terran - Winner!

Build Orders:  

Get SALT Encoding   

  12  0:02  SCV  
  13  0:14  SCV  
  14  0:21  Supply Depot  
  14  0:26  SCV  
  15  0:31  Refinery  
  16  0:42  SCV  
  16  0:47  Barracks  
  16  0:55  SCV  
  17  1:07  SCV  
  18  1:19  SCV  
  19  1:31  SCV  
  20  1:42  Command Center  
  20  1:50  Factory  
  20  1:52  SCV  
  21  2:02  Supply Depot  
  21  2:03  Marine  
  22  2:14  Orbital Command  
  22  2:28  Marine  
  22  2:37  Factory Tech Lab  
  22  2:38  Bunker  
  22  2:42  Starport  
  22  2:43  SCV  
  23  2:49  Marine  
  24  3:02  Orbital Command  
  24  3:05  Siege Tank  
  27  3:09  Marine  
  28  3:15  Supply Depot  
  28  3:17  SCV  
  29  3:27  Starport Tech Lab  
  29  3:29  SCV  
  29  3:31  Refinery  
  29  3:33  SCV  
  31  3:38  Marine  
  32  3:42  SCV  
  32  3:45  SCV  
  34  3:54  SCV  
  34  3:55  Banshee  
  38  4:04  Supply Depot  
  38  4:05  SCV  
  38  4:08  SCV  
  40  4:15  Cloaking Field  
  40  4:17  SCV  
  41  4:20  SCV  
  42  4:29  SCV  
  43  4:32  SCV  
  43  4:36  Refinery  
  44  4:38  Refinery  
  44  4:41  SCV  
  44  4:44  SCV  
  46  4:51  Banshee  
  46  4:52  Factory  
  49  4:56  SCV  
  49  4:58  SCV  
  51  5:08  SCV  
  51  5:10  SCV  
  51  5:11  Siege Tank  
  56  5:20  Supply Depot, SCV  
  57  5:22  Supply Depot, SCV  
  57  5:28  Command Center  
  58  5:32  SCV  
  58  5:33  Barracks Reactor  
  58  5:34  SCV  
  60  5:38  Factory Tech Lab  
  60  5:43  Siege Tank  
  60  5:45  SCV  
  60  5:46  SCV  
  65  5:55  Banshee  
  65  5:57  SCV  
  69  6:05  Supply Depot  
  69  6:09  SCV, Engineering Bay  
  70  6:12  Armory  
  70  6:16  Armory  
  70  6:21  SCV  
  71  6:33  SCV  
  72  7:15  Thor x2  
  84  7:58  Thor x2  
  93  8:06  Marine x2  
  93  8:10  SCV  
  90  8:16  Missile Turret  
  90  8:17  Terran Vehicle Weapons Level 1  
  90  8:18  Terran Vehicle And Ship Armor Level 1  
  90  8:22  Planetary Fortress, SCV  
  90  8:24  Marine x2  
  93  8:27  Factory  
  93  8:34  SCV  
  93  8:35  Supply Depot  
  93  8:41  Thor, Marine  
  101  8:56  Marine, Thor, SCV  
  101  8:58  Supply Depot  
  109  9:13  Supply Depot, Marine, SCV x2  
  109  9:14  Marine  
  113  9:18  Supply Depot  
  113  9:26  SCV x2  
  115  9:38  SCV  
  113  9:50  SCV  
  110  10:02  SCV  
Show
View Real Time Build Order
Export as new Build Order

SCIInewby Zerg 

Build Orders: Hatch First 

Get SALT Encoding   

  12  0:12  Drone x2  
  14  0:18  Overlord  
  14  0:44  Hatchery  
  13  0:59  Spawning Pool  
  13  1:00  Drone  
  13  1:03  Drone  
  14  1:09  Drone  
  15  1:35  Extractor  
  15  1:36  Drone x2  
  15  1:37  Drone  
  17  1:40  Extractor  
  16  1:47  Spine Crawler  
  16  1:53  Evolution Chamber  
  14  1:57  Queen  
  16  2:01  Drone  
  17  2:12  Queen  
  19  2:16  Drone  
  20  2:27  Drone x3  
  23  2:32  Extractor  
  23  2:33  Extractor  
  21  2:58  Drone  
  21  2:59  Drone x5  
  27  3:14  Drone  
  28  3:25  Roach Warren  
  27  3:36  Drone  
  28  4:13  Overlord x2  
  28  4:16  Overlord x3  
  28  4:42  Roach x2  
  28  4:43  Roach x4  
  40  4:47  Drone  
  40  4:51  Drone  
  42  5:04  Lair  
  42  5:07  Drone  
  43  5:17  Roach  
  43  5:19  Roach  
  47  5:23  Drone  
  47  5:26  Drone  
  49  5:30  Drone  
  50  5:37  Roach  
  50  5:39  Drone  
  50  5:41  Drone  
  54  5:46  Drone  
  54  5:49  Drone  
  56  6:05  Spire  
  56  6:07  Drone x2  
  57  6:14  Drone x2  
  59  6:29  Hatchery  
  52  6:36  Drone  
  52  6:37  Drone x2  
  52  6:38  Overseer  
  51  6:45  Drone x2  
  48  6:50  Drone  
  44  7:12  Spore Crawler  
  44  7:14  Overseer x2, Spore Crawler  
  42  7:15  Spore Crawler  
  42  7:20  Mutalisk x2  
  45  7:38  Queen  
  45  7:42  Zergling x4  
  45  7:43  Zergling x2  
  38  8:05  Drone  
  31  8:06  Drone x6  
  37  8:20  Drone x3  
  37  8:21  Drone  
  37  8:26  Overlord  
  41  8:39  Spore Crawler x2  
  41  8:40  Spore Crawler  
  38  8:44  Drone x3  
  41  8:52  Queen  
  43  9:00  Queen  
  47  9:21  Spire  
  46  9:27  Drone x2  
  46  9:30  Spine Crawler  
  46  9:31  Spine Crawler  
  46  9:36  Zergling x10  
  42  9:39  Zergling x2  
  42  9:56  Zergling x4  
  43  10:04  Roach x2  
Tags
 
Matchup
TvZ
Replay Pack
Multiplayer
Spawn Locations
Cross Positions
Add a new tag
Caveats
  • Supply blocks, unpowered buildings, or Contaminate may cause inaccurate times.
  • Supply counts are checked every 10 seconds.